 Dungeon Crawl Stone Soup version 0.20-a0-848-g73d9be0 (webtiles) character file.

527 Alarkh the Slasher (level 7, 54/54 HPs)
             Began as a Demonspawn Fighter on Mar 9, 2017.
             Was a Follower of Okawaru.
             Quit the game on level 5 of the Dungeon.
             The game lasted 00:04:54 (5310 turns).

Alarkh the Slasher (Demonspawn Fighter)             Turns: 5310, Time: 00:04:55

Health: 54/54      AC:  5    Str: 17    XL:     7   Next: 2%
Magic:  7/7        EV: 10    Int: 11    God:    Okawaru [*.....]
Gold:   248        SH:  9    Dex: 12    Spells: 6/6 levels left

rFire    . . .     SeeInvis .   a - +2 long sword
rCold    . . .     Gourm    .   i - +0 troll leather armour {Purgy}
rNeg     . . .     Faith    .   c - +0 shield
rPois    .         Spirit   .   (no helmet)
rElec    .         Reflect  .   (no cloak)
rCorr    .         Harm     .   (no gloves)
MR       +....                  (no boots)
Stlth    ++........             (no amulet)
Regen    0.6/turn               t - ring of protection from magic
MPRegen  0.1/turn               q - +1 ring of protection

@: no status effects
A: claws 1, nightstalker 1, powered by pain 2
a: Heroism, Renounce Religion


You were on level 5 of the Dungeon.
You worshipped Okawaru.
Okawaru was aware of your devotion.
You were not hungry.

You visited 2 branches of the dungeon, and saw 6 of its levels.
You also visited: Sewer.

You collected 248 gold pieces.

Inventory:

Hand Weapons
 a - a +2 long sword (weapon)
Armour
 b - a +0 scale mail
 c - a +0 shield (worn)
 i - a +0 troll leather armour (worn) {Purgy}
Jewellery
 q - a +1 ring of protection (left claw)
 t - a ring of protection from magic (right claw)
Wands
 r - a wand of digging (8/24)
Scrolls
 d - a scroll of noise {unknown}
 e - 3 scrolls of magic mapping
 g - 2 scrolls of identify {unknown}
 k - a scroll of recharging {unknown}
 o - a scroll of enchant armour {unknown}
 s - 2 scrolls of amnesia
 u - a scroll of immolation {unknown}
 x - a scroll of teleportation {unknown}
Potions
 n - 3 potions of magic
 p - a potion of haste
 v - 4 potions of flight
 w - a potion of heal wounds {unknown}
Comestibles
 f - 2 bread rations
 h - 8 fruits
 j - 3 meat rations
 l - 3 royal jellies
 m - 8 chunks of flesh


   Skills:
 + Level 4.2 Fighting
 * Level 4.3 Long Blades
 + Level 3.7 Armour
 + Level 2.6 Dodging
 + Level 3.6 Shields


You had 6 spell levels left.
You didn't know any spells.

Dungeon Overview and Level Annotations

Branches:
Dungeon (5/15)             Temple (1/1) D:4

Altars:
Ashenzari
Cheibriados
Elyvilon
Hepliaklqana
Kikubaaqudgha
Makhleb
Okawaru
Qazlal
Sif Muna
Trog
Uskayaw
Xom
Zin
The Shining One
Lugonu


Innate Abilities, Weirdness & Mutations

You have sharp fingernails.
You are slightly more attuned to the shadows.
You sometimes gain power by taking damage.


Message History

Done exploring.
There is a gate leading back out of this place here.
Welcome back to the Dungeon!
There is a collapsed entrance here.
Why would you want to do that?
Unknown command.
You enter the shallow water.
Moving in this stuff is going to be slow.
You enter the shallow water.
Moving in this stuff is going to be slow.
Eating one of 9 chunks of flesh.
You eat one of the 9 chunks of flesh.
This raw flesh tastes terrible.
You enter the shallow water.
Moving in this stuff is going to be slow.
You now have 248 gold pieces (gained 10).
g - 2 scrolls labeled DONATH AM UCUZ (gained 1)
Found a stone staircase leading up.
e - 3 scrolls of magic mapping (gained 1)
A hound zombie comes into view.
Are you sure you want to abandon this character and quit the game? (Confirm with "yes".)

#...# #.#.#
#...# #.#.#
#.### ....Z....
#.#.# #.#
≈≈....... #.#.#
#.# #≈.......
#.#.# #.##
#≈....... #.#.#
#.##≈###≈..$....
#.#.#
#.##≈≈≈≈≈.......
#(#.#
#.#####..@......
#.#..
#..........#####
#.###
############ #.#
#.# #.# #.###
#.... #####


You could see a hound zombie (dormant).

Vanquished Creatures
  Duvessa (D:4)
  Purgy (Sewer)
  An ogre (D:4)
  Dowan (D:4)
  A worker ant (D:4)
  A gnoll (D:3)
  7 adders
  A worm (D:3)
  A dart slug (D:2)
  4 leopard geckos
  6 orcs
  10 giant cockroaches
  17 goblins
  9 hobgoblins
  14 kobolds
  A quokka (D:2)
  2 ball pythons
  7 bats
  5 frilled lizards
  A jackal skeleton (D:4)
  A leopard gecko skeleton (D:4)
  7 rats
99 creatures vanquished.

Notes
Turn   | Place    | Note
-------+----------+-------------------------------------------
     0 | D:1      | Alarkh the Demonspawn Fighter began the quest for the Orb.
     0 | D:1      | Reached XP level 1. HP: 18/18 MP: 1/1
   311 | D:1      | Gained mutation: You sometimes gain a little power by taking damage. [demonic ancestry]
   311 | D:1      | Reached XP level 2. HP: 24/24 MP: 2/2
  1223 | D:2      | Reached skill level 1 in Dodging
  1223 | D:2      | Gained mutation: You sometimes gain power by taking damage. [demonic ancestry]
  1223 | D:2      | Reached XP level 3. HP: 24/29 MP: 3/3
  1538 | D:2      | Found a bloodstained altar of Trog.
  1949 | D:2      | Found a hide-covered altar of Uskayaw.
  2166 | D:2      | Reached XP level 4. HP: 23/35 MP: 4/4
  2696 | D:3      | Found a shimmering altar of Xom.
  3204 | D:3      | Found an iron altar of Okawaru.
  3219 | D:3      | Became a worshipper of Warmaster Okawaru
  3477 | D:3      | Reached XP level 5. HP: 39/41 MP: 5/5
  3618 | D:3      | Found a deep blue altar of Sif Muna.
  3719 | D:4      | Found a stormy altar of Qazlal.
  3722 | D:4      | Noticed Duvessa
  3729 | D:4      | Noticed Dowan
  3746 | D:4      | Killed Duvessa
  3757 | D:4      | Killed Dowan
  3757 | D:4      | Reached * piety under Okawaru
  3757 | D:4      | Gained mutation: You are slightly more attuned to the shadows. [demonic ancestry]
  3757 | D:4      | Reached XP level 6. HP: 17/48 MP: 6/6
  4281 | D:4      | Found a staircase to the Ecumenical Temple.
  4353 | Temple   | Entered the Ecumenical Temple
  4448 | D:4      | Found an ancient bone altar of Kikubaaqudgha.
  4629 | D:5      | Entered Level 5 of the Dungeon
  4932 | D:5      | Found a snail-covered altar of Cheibriados.
  5009 | D:5      | Found a glowing drain.
  5072 | Sewer    | Entered a sewer
  5104 | Sewer    | Noticed Purgy
  5114 | Sewer    | Killed Purgy
  5114 | Sewer    | Gained mutation: You have sharp fingernails. [demonic ancestry]
  5114 | Sewer    | Reached XP level 7. HP: 52/54 MP: 4/7
  5310 | D:5      | Quit the game

Vault maps used:
D:1:      dpeg_arrival_castle, serial_bayou_pond_e, serial_bayou_lagoon_a,
          hangedman_decor_growths
D:2:      overflow_temple_1_default, minivault_11, trog_three_pillars_becter
D:3:      cheibrodos_greedy_goblins, lemuel_crystal_altar, marbit_many_paths,
          led_sif_pool
D:4:      kennysheep_mini, kiku_gazebo_pond_becter,
          minmay_temple_entry_water_ring, uniq_duvessa
D:5:      cheibriados_altar_1, kennysheep_mini_moat, first_bread,
          gup_sewer_entry_pipe
Temple:   corrupted_temple
Sewer:    kennysheep_door_sewer

Skill      XL: |  1  2  3  4  5  6 |
---------------+-------------------+-----
Long Blades    | 2 3 4 |  4.3
Dodging        | 1 2 |  2.6
Armour         | 3 |  3.7
Shields        | 3 |  3.6
Fighting       | 4 |  4.2

Action                   |  1- 3 |  4- 6 |  7- 9 || total
-------------------------+-------+-------+-------++-------
Melee: Long sword        |   167 |   211 |     5 ||   383
Invok: Heroism           |       |     2 |       ||     2
  Use: Scroll            |     2 |     4 |       ||     6
       Potion            |       |     7 |       ||     7
 Stab: Sleeping          |       |       |     4 ||     4
  Eat: Chunk             |     4 |    10 |     1 ||    15
Armor: Scale mail        |    82 |    87 |       ||   169
Dodge: Dodged            |    63 |    78 |       ||   141
Block: Shield            |   102 |   120 |       ||   222
       Rpst.: Long sword |    13 |    23 |       ||    36
